 Dungeon Crawl Stone Soup version 0.32-a0-876-gcfddb08e57 (webtiles) character file.

Game seed: 3332014423067290002

39 Autsider the Magician (level 3, 0/19 HPs)
             Began as a Deep Elf Hedge Wizard on Mar 31, 2024.
             Succumbed to an adder's poison
             ... on level 2 of the Dungeon.
             The game lasted 00:06:07 (1280 turns).

Autsider the Magician (Deep Elf Hedge Wizard)       Turns: 1280, Time: 00:06:07

Health: 0/19       AC:  4    Str:  7    XL:     3   Next: 26%
Magic:  5/11       EV: 11    Int: 20    God:
Gold:   31         SH:  0    Dex: 14    Spells: 8/11 levels left

rFire   . . .        (no weapon)
rCold   . . .        (no shield)
rNeg    . . .        b - +0 robe
rPois   +            c - +0 hat
rElec   .            (no cloak)
rCorr   .            f - +1 pair of gloves
SInv    .            (no boots)
Will    +....        (no amulet)
Stlth   ++           (no ring)
HPRegen 0.23/turn    (no ring)
MPRegen 0.12/turn

%: no passive effects
@: lethally poisoned (0 -> -2), enlightened, flying
A: horns 1, poison resistance, inhibited regeneration
a: no special abilities


You were on level 2 of the Dungeon.
You visited 1 branch of the dungeon, and saw 2 of its levels.

You collected 31 gold pieces.

Inventory:

Armour
 b - a +0 robe (worn)
 c - a +0 hat (worn)
 f - a +1 pair of gloves (worn)
Jewellery
 g - an amulet of guardian spirit
Scrolls
 e - 2 scrolls of identify {unknown}
 h - 2 scrolls of teleportation {unknown}
 i - a scroll of enchant armour {unknown}
 k - a scroll of poison {unknown}
 l - a scroll of vulnerability {unknown}
Potions
 d - a potion of magic


   Skills:
 - Level 2.4 Dodging
 - Level 2.4 Stealth
 + Level 4.9 Spellcasting
 * Level 2.6 Conjurations
 + Level 2.0 Summonings
 - Level 1.1 Translocations


You had 8 spell levels left.
You knew the following spells:

 Your Spells              Type           Power      Damage    Failure   Level
a - Magic Dart            Conj           60%        1d6       4%          1
b - Call Imp              Summ           24%        N/A       8%          2

Your spell library contained the following spells:

 Spells                   Type           Power      Damage    Failure   Level
 Slow                     Hex            16%        N/A       12%         1
 Blink                    Tloc           18%        N/A       12%         2
 Call Canine Familiar     Summ           12%        N/A       16%         3
 Cigotuvi's Dreadful Rot  Necr/Alch/Air  8%         N/A       19%         2
 Sublimation of Blood     Necr           4%         N/A       19%         2
 Mephitic Cloud           Conj/Alch/Air  8%         N/A       24%         3
 Sigil of Binding         Hex            4%         N/A       34%         3
 Dimensional Bullseye     Hex/Tloc       3%         N/A       67%         4
 Petrify                  Alch/Erth      4%         N/A       75%         4
 Irradiate                Conj/Alch      5%         3d13      88%         5


Dungeon Overview and Level Annotations

Branches:
Dungeon (2/15)

Altars:


Innate Abilities, Weirdness & Mutations

You have a pair of small horns on your head.
Your system is resistant to poisons. (rPois)
You do not regenerate when monsters are visible.


Message History

Press: ? - help, Shift-Dir - straight line, f/p - adder
Aim: an adder (moderately wounded, 100% to hit)
The magic dart hits the adder.
The adder is severely wounded.
The adder bites you. x2
You are poisoned.
The adder poisons you!
Casting: Magic Dart (safe; 4% risk of failure)
Confirm with . or Enter, or press ? or * to list all spells.
A tiny devil pulls itself out of the air.
You feel sick. The adder bites you.
* * * LOW HITPOINT WARNING * * *
You feel sick. The adder attacks as it pursues you! The adder bites you.
* * * LOW HITPOINT WARNING * * *
You are lethally poisoned!
The adder poisons you!
Your cerulean imp barely misses the adder.
* * * LOW HITPOINT WARNING * * *
You feel sick. The adder attacks as it pursues you! The adder bites you.
* * * LOW HITPOINT WARNING * * *
Your cerulean imp hits the adder with a -3 spear.
The adder dies!
Your Summonings skill increases to level 2!
It was a potion of enlightenment.
You feel very buoyant.
You fly up into the air.
* * * LOW HITPOINT WARNING * * *
You feel sick.
It was a potion of mutation.
You feel extremely strange. A pair of horns grows on your head!
You feel resistant to poisons.
Your regeneration stops near monsters.
* * * LOW HITPOINT WARNING * * *
You feel sick.
* * * LOW HITPOINT WARNING * * *
You feel sick.
* * * LOW HITPOINT WARNING * * *
You feel sick.
* * * LOW HITPOINT WARNING * * *
You feel sick.
You die...

.. #. #^##
#.<# ##.#
#####.## ##
#......# #..
#......# ..
#...@†.#.#
#....5...#
#.......##
#........$.
#....$...###
)...#####..#
..### #...
.. [.## ...


You could see a friendly cerulean imp (summoned).

Vanquished Creatures
  4 ball pythons
  2 endoplasms
  A giant cockroach (D:2)
  2 goblins (D:1)
  2 hobgoblins
  2 kobolds
  A quokka (D:2)
  3 bats (D:1)
  2 frilled lizards (D:1)
  6 rats
25 creatures vanquished.

Vanquished Creatures (collateral kills)
  An adder (D:2)
  A dart slug (D:1)
2 creatures vanquished.

Grand Total: 27 creatures vanquished

Notes
Turn   | Place    | Note
-------+----------+-------------------------------------------
     0 | D:1      | Autsider the Deep Elf Hedge Wizard began the quest for the
                  | Orb.
     0 | D:1      | Reached XP level 1. HP: 10/10 MP: 7/7
   370 | D:1      | Reached XP level 2. HP: 13/15 MP: 1/9
   572 | D:1      | Learned a level 2 spell: Call Imp
  1175 | D:2      | Reached XP level 3. HP: 19/19 MP: 1/11
  1276 | D:2      | Gained mutation: You have a pair of small horns on your
                  | head. [potion of mutation]
  1276 | D:2      | Gained mutation: Your system is resistant to poisons.
                  | (rPois) [potion of mutation]
  1276 | D:2      | Gained mutation: You do not regenerate when monsters are
                  | visible. [potion of mutation]
  1280 | D:2      | Succumbed to an adder's poison

Illustrated notes

Levels and vault maps discovered:
D:1:      saegor_arrival_simple_d, layout_rooms,
          nicolae_concentric_dashed_squares_mild, minmay_tetromino_s4
D:2:      layout_rooms, uniq_natasha

Skill      XL: |  1  2  3 |
---------------+----------+-----
Conjurations   | 2 |  2.6
Summonings     | 2 |  2.0
Dodging        | |  2.4
Stealth        | |  2.4
Spellcasting   | |  4.9
Translocations | |  1.1

Action                     || total
---------------------------++-------
  Melee: Unarmed           ||    12
   Cast: Magic Dart        ||    72
         Call Imp          ||     4
    Use: Potion            ||     2
 Armour: Robe              ||    56
  Dodge: Dodged            ||    37

Table legend: (Time is in decaauts)
 A = Elapsed time spent in this place.
 B = Non-inter-level travel time spent in this place.
 C = Inter-level travel time spent in this place.
 D = Time resting spent in this place.
 E = Time spent auto-exploring this place.
 F = Levels seen in this place.
 G = Mean time per level.
                   A        B        C        D        E       F      G
               +--------+--------+--------+--------+--------+-----+--------+
         Total |   1280 |   1255 |     25 |    178 |    520 |   2 |  640.0 |
       Dungeon |   1280 |   1255 |     25 |    178 |    520 |   2 |  640.0 |
               +--------+--------+--------+--------+--------+-----+--------+

Top non-repeatable levels by time:
     D:1: 1133 daAuts
     D:2: 146 daAuts
